 Dungeon Crawl Stone Soup version 0.28-a0-32-g8dfe7f97f6 (webtiles) character file.

Game seed: 5668903106210256547

229 Spectrina the Magician (level 6, -2/43 HPs)
             Began as a Djinni Warper on July 26, 2021.
             Was a Believer of Nemelex Xobeh.
             Slain by an iguana (6 damage)
             ... on level 4 of the Dungeon on July 27, 2021.
             The game lasted 00:19:29 (2091 turns).

Spectrina the Magician (Djinni Warper)              Turns: 2091, Time: 00:19:30

Health: -2/43      AC: 11    Str: 10    XL:     6   Next: 23%
Gold:   94         EV:  0    Int: 17    God:    Nemelex Xobeh [**....] SH:  9 Dex: 12

rFire   + + .      SeeInvis .   a - +0 mace
rCold   . . .      Faith    .   p - +0 tower shield
rNeg    . . .      Spirit   .   u - +0 chain mail
rPois   ∞          Reflect  .   m - +0 helmet
rElec   .          Harm     .   n - +0 cloak
rCorr   .          Rampage  .   e - +0 pair of gloves
Will    .....                   (boots unavailable)
Stlth   ..........              (no amulet)
HPRegen 0.14/turn               x - ring of protection from cold
MPRegen 0.00/turn               (no ring)

@: flying
A: sickness immunity, fire resistance 2, cold vulnerability 1, float, innate
caster, hp casting, extra vitality 1
a: Renounce Religion, Draw Escape, Draw Destruction, Draw Summoning


You were on level 4 of the Dungeon.
You worshipped Nemelex Xobeh.
Nemelex Xobeh was pleased with you.
You visited 1 branch of the dungeon, and saw 5 of its levels.

You collected 94 gold pieces.

Inventory:

Hand Weapons
 a - a +0 mace (weapon)
 b - a +0 hunting sling
Missiles
 d - 5 boomerangs of dispersal
 g - 33 arrows
 h - 87 stones
 r - 51 sling bullets
 v - 13 poisoned darts (quivered)
 w - 5 javelins
Armour
 e - a +0 pair of gloves (worn)
 k - a +0 leather armour
 m - a +0 helmet (worn)
 n - a +0 cloak (worn)
 p - a +0 tower shield (worn)
 u - a +0 chain mail (worn)
Magical Staves
 s - a staff of poison
Jewellery
 x - a ring of protection from cold (left hand)
Wands
 l - a wand of mindburst (10)
Scrolls
 c - a scroll of blinking
 f - a scroll of enchant armour {unknown}
 i - a scroll of fear {unknown}
 j - 3 scrolls of identify {unknown}
 o - a scroll of teleportation {unknown}
 q - a scroll of noise {unknown}
 y - a scroll of silence {unknown}
Potions
 t - 2 potions of brilliance {unknown}


   Skills:
 - Level 2.0 Fighting
 - Level 1.5 Maces & Flails
 - Level 0.7 Throwing
 - Level 1.0 Armour
 - Level 2.1 Dodging
 * Level 5.0 Spellcasting


You couldn't memorise any spells.
You knew the following spells:

 Your Spells              Type           Power      Damage    Failure   Level
a - Lesser Beckoning      Tloc           10%        N/A       100%        3
b - Blink                 Tloc           N/A        N/A       100%        2
d - Teleport Other        Tloc           21%        N/A       100%        3
f - Pain                  Necr           84%        1d8       100%        1
g - Passwall              Tmut/Erth      17%        N/A       100%        2
p - Manifold Assault      Tloc           21%        N/A       100%        5
q - Gell's Gravitas       Tloc           10%        N/A       100%        3
Your spell library was empty.


Dungeon Overview and Level Annotations

Branches:
Dungeon (5/15)             Temple (0/1) D:4

Altars:
Nemelex Xobeh

Annotations:
D:5 Menkaure


Innate Abilities, Weirdness & Mutations

You are immune to sickness and miasma.
You are immune to poison.
Your flesh is very heat resistant. (rF++)
You are vulnerable to cold. (rC-)
You float through the air rather than walking.
You learn spells naturally, not from books.
Your magical power is your life essence.
You have superior vitality. (+4 HP)


Message History

The goblin hits you with a +0 club. The goblin hits you but does no damage.
You hit the goblin.
You kill the goblin!
You see here a +0 club.
b - a +0 hunting sling (weapon)
The iguana hisses angrily.
You block the iguana's attack.
Unknown command.
a - a +0 mace (weapon)
You hit the iguana.
The iguana is heavily wounded.
The iguana bites you. x2
You closely miss the iguana.
The iguana is heavily wounded.
The iguana bites you!
The iguana bites you but does no damage.
You barely miss the iguana.
The iguana is heavily wounded.
You block the iguana's attack. The iguana bites you.
You hit the iguana.
The iguana is severely wounded.
The iguana bites you but does no damage.
The iguana bites you.
You barely miss the iguana.
The iguana is severely wounded.
You block the iguana's attack.
You barely miss the iguana.
The iguana is severely wounded.
The iguana bites you but does no damage.
You block the iguana's attack.
Your shield prevents you from hitting the iguana.
The iguana is severely wounded.
The iguana bites you. x2
You hit the iguana but do no damage.
The iguana is severely wounded.
The iguana bites you!
* * * LOW HITPOINT WARNING * * *
The iguana bites you.
You die...
Your body disappears without a glow.

###############
....#......##.##
...............#
..............>#
#..##..##..<...#
##'##'#####'########
..#...##....###...##
...#................#
...##..##.......@)..#
...##..##'#####l##'###########
#..##..##...###.##.##..##....#
#..##........+..#............#
##
#####....#..#...........##...
#...##..######'##........
##...##..##.....##...##...
+........#......##>..# .
##.......#......#....#####


You could see an iguana.

Vanquished Creatures
  2 iguanas
  A hound skeleton (D:4)
  Robin (D:2)
  6 adders
  7 bats
  7 endoplasms
  3 giant cockroaches
  9 goblins
  9 hobgoblins
  6 jackals
  2 quokkas
  7 ball pythons
  4 frilled lizards
  4 kobolds
  2 rats
70 creatures vanquished.

Vanquished Creatures (collateral kills)
  4 gnolls (D:3)
4 creatures vanquished.

Vanquished Creatures (others)
  A fungus (D:2)
  2 plants (D:1)
3 creatures vanquished.

Grand Total: 77 creatures vanquished

Notes
Turn   | Place    | Note
-------+----------+-------------------------------------------
     0 | D:1      | Spectrina the Djinni Warper began the quest for the Orb.
     0 | D:1      | Reached XP level 1. HP: 18/18 MP: 0/0
   139 | D:1      | Reached XP level 2. HP: 9/23 MP: 0/0
   389 | D:1      | Reached skill level 3 in Spellcasting
   427 | D:2      | Reached XP level 3. HP: 15/28 MP: 0/0
   427 | D:2      | Learned a level 1 spell: Pain
   574 | D:2      | Noticed Robin
   584 | D:2      | Killed Robin
   607 | D:2      | Reached XP level 4. HP: 12/33 MP: 0/0
   881 | D:1      | Found a faded altar of an unknown god.
   889 | D:1      | Became a worshipper of Nemelex Xobeh the Trickster
   889 | D:1      | Reached * piety under Nemelex Xobeh
  1124 | D:4      | Reached skill level 4 in Spellcasting
  1138 | D:4      | Reached XP level 5. HP: 13/38 MP: 0/0
  1138 | D:4      | Learned a level 2 spell: Passwall
  1151 | D:4      | Received a gift from Nemelex Xobeh
  1408 | D:3      | Upgraded the game from 0.28-a0-21-gf74fda84f9 to
                  | 0.28-a0-32-g8dfe7f97f6
  1495 | D:5      | Entered Level 5 of the Dungeon
  1495 | D:5      | Noticed Menkaure
  1504 | D:4      | Reached ** piety under Nemelex Xobeh
  1510 | D:4      | HP: 1/38 [iguana (7)]
  1525 | D:4      | Reached XP level 6. HP: 4/43 MP: 0/0
  1658 | D:2      | Reached skill level 5 in Spellcasting
  1979 | D:4      | Found a staircase to the Ecumenical Temple.
  2091 | D:4      | Slain by an iguana

Illustrated notes

Levels and vault maps discovered:
D:1:      onia_arrival_mini_maze, layout_basic,
          shapermc_ecumenical_altar_starsandcircs, minmay_misc_feat_alley,
          serial_bayou_pond_c, minmay_octomino_e4
D:2:      layout_basic, supply_closet_lemuel, grunt_ministairs_9,
          kennysheep_decorative_pillar, amethyst_killhole, chequers_avenue,
          uniq_robin, uniq_crazy_yiuf_cottage
D:3:      layout_basic, minmay_misc_feat_plants, st_stairs_6
D:4:      layout_gridville, temple_statues, minivault_27
D:5:      layout_basic, gammafunk_ghost_nasty_kobolds,
          minmay_fractal_squares_diagonal_5, uniq_prince_ribbit1,
          uniq_eustachio, uniq_edmund, uniq_menkaure

Skill      XL: |  1  2  3  4  5  6 |
---------------+-------------------+-----
Spellcasting   | 3 4 5 |  5.0
Fighting       | |  2.0
Maces & Flails | |  1.5
Throwing       | |  0.7
Armour         | |  1.0
Dodging        | |  2.1

Action                   |  1- 3 |  4- 6 || total
-------------------------+-------+-------++-------
Melee: Mace              |    79 |   146 ||   225
 Fire: Hunting sling     |    21 |    46 ||    67
Throw: Stone             |     3 |       ||     3
       Dart              |       |     2 ||     2
 Cast: Pain              |       |     2 ||     2
Invok: Draw Destruction  |       |     2 ||     2
       Draw Summoning    |       |     1 ||     1
Evoke: Wand              |     1 |     2 ||     3
  Use: Potion            |       |     2 ||     2
 Stab: Sleeping          |       |     1 ||     1
Armor: Leather armour    |    26 |    71 ||    97
       Chain mail        |       |    17 ||    17
Dodge: Dodged            |    58 |    68 ||   126
Block: Tower shield      |       |    84 ||    84

Table legend: (Time is in decaauts)
 A = Elapsed time spent in this place.
 B = Non-inter-level travel time spent in this place.
 C = Inter-level travel time spent in this place.
 D = Time resting spent in this place.
 E = Time spent auto-exploring this place.
 F = Levels seen in this place.
 G = Mean time per level.
                   A        B        C        D        E       F      G
               +--------+--------+--------+--------+--------+-----+--------+
         Total |   2222 |   2107 |    115 |      0 |      0 |   5 |  444.4 |
       Dungeon |   2222 |   2107 |    115 |      0 |      0 |   5 |  444.4 |
               +--------+--------+--------+--------+--------+-----+--------+

Top non-repeatable levels by time:
     D:2: 789 daAuts
     D:3: 624 daAuts
     D:1: 416 daAuts
     D:4: 389 daAuts
     D:5: 1 daAuts
